 Dungeon Crawl Stone Soup version 0.30-a0-341-g682706514a (webtiles) character file.

Game seed: 3028020245676622202

1393 NinjaNoafa the Slicer (level 8, -5/52 (58) HPs)
             Began as a Merfolk Gladiator on Nov 2, 2022.
             Was a Believer of Uskayaw.
             Slain by a wight
             ... wielding a +3 hand axe
              (8 damage)
             ... on level 6 of the Dungeon.
             The game lasted 00:10:43 (5644 turns).

NinjaNoafa the Slicer (Merfolk Gladiator)           Turns: 5644, Time: 00:10:44

HP:   -5/52 (58)    AC:  7    Str: 14    XL:     8   Next: 68%
MP:   17/17         EV: 16    Int:  7    God:    Uskayaw [**....]
Gold: 674           SH:  6    Dex: 21    Spells: 7/7 levels left

rFire   . . .      SeeInvis .    k - +5 long sword "Epnir" {venom, rElec MP+9 Dex+3}
rCold   . . .      Faith    .    z - +0 buckler
rNeg    . . .      Spirit   .    y - +2 robe {Will+}
rPois   .          Reflect  .    c - +0 helmet
rElec   +          Harm     .    i - +0 cloak
rCorr   +          Rampage  .    D - +0 pair of gloves
Will    +....                    (no boots)
Stlth   +++.......               (no amulet)
HPRegen 0.28/turn                x - ring of resist corrosion
MPRegen 0.15/turn                (no ring)

@: heavily drained
A: (nimble swimmer 2), mertail
a: Renounce Religion, Stomp, Line Pass


You were on level 6 of the Dungeon.
You worshipped Uskayaw.
Uskayaw was noncommittal.
You visited 2 branches of the dungeon, and saw 7 of its levels.

You collected 1526 gold pieces.
You spent 852 gold pieces at shops.

Inventory:

Hand Weapons
 k - the +5 long sword "Epnir" (weapon) {venom, rElec MP+9 Dex+3}
   (You bought it in a shop on level 3 of the Dungeon)

   It poisons the flesh of those it strikes.
   Dex:       It affects your dexterity (+3).
   rElec:     It insulates you from electricity.
   MP:        It affects your magic capacity (+9).
Missiles
 d - 8 throwing nets
 f - 74 stones
 q - 10 poisoned darts
 w - 7 boomerangs (quivered)
 E - 2 atropa-tipped darts
Armour
 c - a +0 helmet (worn)
 i - a +0 cloak (worn)
 y - a +2 robe of willpower (worn)
 z - a +0 buckler (worn)
 D - a +0 pair of gloves (worn)
Jewellery
 x - a ring of resist corrosion (left hand)
Scrolls
 b - a scroll of vulnerability {unknown}
 g - a scroll of blinking {unknown}
 l - 2 scrolls of noise {unknown}
 m - 2 scrolls of immolation {unknown}
 p - 4 scrolls of teleportation
 B - a scroll of brand weapon
Potions
 a - 2 potions of curing
 e - a potion of might {unknown}
 h - 3 potions of brilliance
 j - a potion of magic
 n - 5 potions of lignification
 r - 5 potions of flight
 s - a potion of degeneration {unknown}
 u - a potion of resistance {unknown}
 v - a potion of invisibility
 C - 2 potions of mutation


   Skills:
 - Level 3.0 Fighting
 - Level 8.7 Short Blades
 + Level 0.0(5.3) Long Blades
 - Level 2.0 Throwing
 - Level 7.0 Dodging
 - Level 5.0 Stealth
 + Level 4.5 Shields


You had 7 spell levels left.
You didn't know any spells.
Your spell library contained the following spells:

 Spells                   Type           Power      Damage    Failure   Level
 Apportation              Tloc           0%         N/A       52%         1
 Beastly Appendage        Tmut           0%         N/A       52%         1
 Kiss of Death            Conj/Necr      0%         2d5       52%         1
 Necrotise                Necr           0%         1d4       52%         1
 Shock                    Conj/Air       0%         1d3       52%         1
 Summon Small Mammal      Summ           0%         N/A       52%         1
 Wereblood                Tmut           0%         N/A       65%         2
 Confusing Touch          Hex            0%         N/A       87%         3
 Spider Form              Tmut/Pois      0%         N/A       87%         3
 Swiftness                Air            0%         N/A       87%         3
 Airstrike                Air            0%         2d(0-16)  99%         4
 Dispel Undead            Necr           0%         3d6       99%         4


Dungeon Overview and Level Annotations

Branches:
Dungeon (6/15)             Temple (1/1) D:5

Altars:
Ashenzari
Cheibriados
Elyvilon
Fedhas
Gozag
Kikubaaqudgha
Makhleb
Nemelex Xobeh
Okawaru
Qazlal
Ru
Sif Muna
Trog
Uskayaw
Vehumet
Wu Jian
Xom
Yredelemnul
Zin
The Shining One

Shops:
D:3 (

Annotations:
D:5 2 runed translucent doors, Bravis's ghost, amateur GnWn


Innate Abilities, Weirdness & Mutations

((You are very nimble when in or above water. (Stealth+, EV+, Speed+++)))
Your lower body shifts to a powerful aquatic tail in water.


Message History

The wight barely misses you. The wight closely misses you.
You hit the wight but do no damage.
The wight is heavily damaged.
You block the wight's attack. The wight completely misses you.
You slash the wight!
The wight is heavily damaged.
The wight hits you with a +3 hand axe!
You feel drained. The wight misses you. The wight barely misses you.
You can now pass through a line of other dancers.
You closely miss the wight.
The wight is heavily damaged.
The wight completely misses you. The wight barely misses you.
You hit the wight but do no damage. You block the wight's attack.
The wight hits you with a +2 morningstar!
You feel drained.
You barely miss the wight. The wight hits you with a +3 hand axe.
You feel drained. The wight barely misses you.
You hit the wight.
The wight is severely damaged.
The wight hits you with a +3 hand axe. You block the wight's attack.
You hit the wight.
The wight is severely damaged.
The wight hits you with a +2 morningstar!
* * * LOW HITPOINT WARNING * * *
You feel drained.
* * * LOW HITPOINT WARNING * * *
The wight misses you.
Okay, then.
The wight attacks as you move away! The wight hits you with a +3 hand axe!
* * * LOW HITPOINT WARNING * * *
It was a potion of curing.
You feel better. The wight hits you with a +3 hand axe!
* * * LOW HITPOINT WARNING * * *
The wight attacks as you move away! The wight closely misses you.
As you read the scroll of summoning, it crumbles to dust.
Wisps of shadow whirl around you... The wight barely misses you.
The wight hits your scorpion with a +3 hand axe.
Your scorpion barely misses the wight.
The wight attacks as you move away! The wight hits you with a +3 hand axe!
You die...

.# .##+##### ........# ....$.#.#
########......#.# #####
#....<.z.z....#.# ....#
#....sz##.....#.# .##.###
#....Sz# #####.### ......#
#...^.@# #...# ..#.#.# #......#
###.#####
.K....#####......##########......
..K..K....'......'...............
##....#####......#........####...
...............###........####.#.
###..K##+#####.# #........#......
.......KK.<.##.# #........#....##
............##.# #........#......


You could see 3 wights, a friendly scorpion (summoned) and a friendly adder
(summoned).

Vanquished Creatures
  An ice beast (D:6)
  An ogre (D:4)
  2 centaurs (D:5)
  A phantom (D:5)
  A bullfrog (D:6)
  3 necrophages
  3 scorpions (D:4)
  2 jellies (D:6)
  A gnoll bouda (D:6)
  A hound (D:6)
  2 iguanas (D:6)
  4 orc wizards
  13 gnolls
  2 adders
  A shadow imp (D:5)
  An ufetubus (D:5)
  4 worms
  9 dart slugs
  13 orcs
  8 ball pythons
  13 endoplasms
  4 giant cockroaches
  4 goblins (D:3)
  7 hobgoblins
  2 jackals (D:4)
  7 kobolds
  A quokka (D:4)
  8 bats
  2 frilled lizards
  5 rats
126 creatures vanquished.

Notes
Turn   | Place    | Note
-------+----------+-------------------------------------------
     0 | D:1      | NinjaNoafa the Merfolk Gladiator began the quest for the
                  | Orb.
     0 | D:1      | Reached XP level 1. HP: 16/16 MP: 1/1
    98 | D:1      | Reached skill level 4 in Short Blades
   139 | D:1      | Reached XP level 2. HP: 17/22 MP: 2/2
   707 | D:1      | Reached XP level 3. HP: 27/27 MP: 3/3
   817 | D:2      | Reached skill level 5 in Short Blades
  1517 | D:3      | Reached skill level 5 in Dodging
  1537 | D:3      | Found Qies's Weapon Shop.
  1573 | D:3      | Reached XP level 4. HP: 33/33 MP: 4/4
  1871 | D:3      | Reached skill level 1 in Stealth
  2388 | D:3      | Reached XP level 5. HP: 33/41 MP: 5/5
  2591 | D:4      | Reached XP level 6. HP: 34/47 MP: 6/6
  2706 | D:4      | Reached skill level 5 in Stealth
  2793 | D:3      | Bought a +2 rapier of venom for 168 gold pieces
  2925 | D:4      | Reached skill level 6 in Short Blades
  2925 | D:4      | Reached XP level 7. HP: 52/52 MP: 7/7
  3714 | D:5      | Entered Level 5 of the Dungeon
  3714 | D:5      | Found a staircase to the Ecumenical Temple.
  3744 | D:5      | Found a large runed translucent door.
  3745 | D:5      | Found a large runed translucent door.
  4039 | Temple   | Entered the Ecumenical Temple
  4212 | Temple   | Became a worshipper of Uskayaw the Reveller
  4253 | D:5      | Noticed Bravis's ghost (amateur GnWn)
  4329 | D:5      | Reached * piety under Uskayaw
  4330 | D:5      | Reached skill level 1 in Shields
  4343 | D:5      | Reached ** piety under Uskayaw
  4350 | D:5      | Reached *** piety under Uskayaw
  4352 | D:5      | Reached skill level 7 in Short Blades
  4357 | D:5      | Reached **** piety under Uskayaw
  4362 | D:5      | Reached ***** piety under Uskayaw
  4363 | D:5      | Reached XP level 8. HP: 25/58 MP: 8/8
  4998 | D:6      | Reached skill level 8 in Short Blades
  5394 | D:6      | Identified a scroll of acquirement
  5397 | D:6      | Acquired 1192 gold pieces
  5493 | D:3      | Bought the +5 long sword "Epnir" {venom, rElec MP+9 Dex+3}
                  | for 684 gold pieces
  5639 | D:6      | HP: 1/52 [wight/+3 hand axe (7)]
  5644 | D:6      | Slain by a wight

Illustrated notes

Levels and vault maps discovered:
D:1:      dpeg_arrival_leaves_temple_mockup, layout_basic
D:2:      layout_basic, chequers_serial_rivers_micro_d,
          hangedman_decor_diamond_cutter, minivault_19
D:3:      layout_loops_ring, serial_shops, nicolae_diamond_shop,
          item_on_display_a
D:4:      layout_basic, minmay_ruptured
D:5:      kennysheep_slugbush, layout_rooms, minmay_temple_entry_butterflies,
          ebering_ghost_disaster_area, minmay_chambers_of_fives
D:6:      layout_basic, serial_shops, nicolae_shop_advertising_works
          [nicolae_subvault_shop_adworks]
Temple:   nicolae_temple_slightly_damp_pantheon

Skill      XL: |  1  2  3  4  5  6  7  8 |
---------------+-------------------------+-----
Short Blades   | 4 5 6 7 8 |  8.7
Dodging        | 5 7 |  7.0
Stealth        | 2 4 5 |  5.0
Fighting       | 3 |  3.0
Shields        | 2 4 |  4.5
Throwing       | |  2.0

Action                   |  1- 3 |  4- 6 |  7- 9 || total
-------------------------+-------+-------+-------++-------
Melee: Rapier            |   121 |   141 |   159 ||   421
       Punch             |     1 |       |     1 ||     2
       Tailslap          |       |       |     2 ||     2
       Long sword        |       |       |    10 ||    10
Throw: Javelin           |     2 |       |     1 ||     3
Invok: Line Pass         |       |       |     1 ||     1
  Use: Scroll            |       |     9 |     6 ||    15
       Potion            |       |       |     1 ||     1
 Stab: Sleeping          |       |     6 |     8 ||    14
       Paralysed         |       |       |     2 ||     2
Armor: Leather armour    |    43 |    45 |    10 ||    98
       Robe              |       |       |    21 ||    21
Dodge: Dodged            |    96 |    94 |   138 ||   328
Block: Buckler           |       |       |    38 ||    38

Table legend: (Time is in decaauts)
 A = Elapsed time spent in this place.
 B = Non-inter-level travel time spent in this place.
 C = Inter-level travel time spent in this place.
 D = Time resting spent in this place.
 E = Time spent auto-exploring this place.
 F = Levels seen in this place.
 G = Mean time per level.
                   A        B        C        D        E       F      G
               +--------+--------+--------+--------+--------+-----+--------+
         Total |   5593 |   5060 |    533 |      0 |   3892 |   7 |  799.0 |
       Dungeon |   5406 |   4887 |    519 |      0 |   3749 |   6 |  901.0 |
        Temple |    186 |    172 |     14 |      0 |    143 |   1 |  186.0 |
               +--------+--------+--------+--------+--------+-----+--------+

Top non-repeatable levels by time:
     D:4: 1393 daAuts
     D:3: 1110 daAuts
     D:5: 967 daAuts
     D:1: 811 daAuts
     D:2: 645 daAuts
     D:6: 478 daAuts
  Temple: 186 daAuts
